 Dungeon Crawl Stone Soup version 0.21.1-1-g345015f (webtiles) character file.

115 Monsterracer the Ruffian (level 4, -9/41 HPs)
             Began as a Draconian Wanderer on Feb 12, 2018.
             Mangled by a gnoll
             ... wielding a +1 vampiric halberd
              (11 damage)
             ... on level 2 of the Dungeon.
             The game lasted 00:01:51 (1336 turns).

Monsterracer the Ruffian (Draconian Wanderer)       Turns: 1336, Time: 00:01:52

Health: -9/41      AC:  7    Str: 15    XL:     4   Next: 68%
Magic:  4/4        EV: 11    Int: 14    God:
Gold:   109        SH:  0    Dex:  9    Spells: 3/3 levels left

rFire    . . .     SeeInvis .   d - +0 hand crossbow
rCold    . . .     Gourm    .   (no shield)
rNeg     . . .     Faith    .   (armour unavailable)
rPois    .         Spirit   .   (helmet restricted)
rElec    .         Reflect  .   (no cloak)
rCorr    .         Harm     .   (no gloves)
MR       .....                  (no boots)
Stlth    +.........             (no amulet)
HPRegen  0.13/turn              g - +1 ring of protection
MPRegen  0.09/turn              l - +1 ring of protection

@: no status effects
A: unfitting armour, cold-blooded, AC +5
a: no special abilities


You were on level 2 of the Dungeon.
You were not hungry.

You visited 1 branch of the dungeon, and saw 2 of its levels.

You collected 109 gold pieces.

Inventory:

Hand Weapons
 b - a +0 shortbow
 d - a +0 hand crossbow (weapon)
Missiles
 e - 27 bolts (quivered)
 f - 8 arrows
Jewellery
 g - a +1 ring of protection (left hand)
 l - a +1 ring of protection (right hand)
Wands
 a - a wand of flame (15)
 s - a wand of clouds (5)
Scrolls
 i - 2 scrolls of remove curse {unknown}
 j - a scroll of enchant armour {unknown}
 m - a scroll of immolation {unknown}
 o - a scroll of identify {unknown}
 q - a scroll of magic mapping {unknown}
 t - a scroll of blinking {unknown}
 u - a scroll of fog {unknown}
Potions
 h - a potion of haste {unknown}
 k - 3 potions of might {unknown}
 n - a potion of heal wounds {unknown}
 p - a potion of lignification {unknown}
 r - a potion of agility {unknown}
Comestibles
 c - a ration


   Skills:
 - Level 4.3 Fighting
 - Level 3.6 Crossbows
   Level 1.0 Shields
 + Level 4.4 Unarmed Combat
 - Level 1.0 Evocations


You had 3 spell levels left.
You didn't know any spells.

Dungeon Overview and Level Annotations

Branches:
Dungeon (2/15)

Altars:
Zin


Innate Abilities, Weirdness & Mutations

Your plain brown scales are hard. (AC +5)
You cannot fit into any form of body armour.
You are cold-blooded and may be slowed by cold attacks.


Message History

The gnoll is almost dead.
The gnoll hits you but does no damage.
A gnoll comes into view. It is wielding a vampiric halberd.
Firing (i - inventory):
f - 19 arrows (quivered)
Press: ? - help, Shift-Dir - straight line, f/p - gnoll
Aim: a gnoll (almost dead)
You shoot an arrow.
The arrow hits the gnoll but does no damage.
The gnoll is almost dead.
The gnoll hits you. The gnoll hits you but does no damage.
You take 2 damage, and have 26/41 hp.
Firing (i - inventory):
f - 18 arrows (quivered)
Press: ? - help, Shift-Dir - straight line, f/p - gnoll
Aim: a gnoll (almost dead)
You shoot an arrow. The arrow closely misses the gnoll.
The gnoll hits you.
You take 3 damage, and have 23/41 hp.
Firing (i - inventory):
f - 17 arrows (quivered)
Press: ? - help, Shift-Dir - straight line, f/p - gnoll
Aim: a gnoll (almost dead)
You shoot an arrow. The arrow barely misses the gnoll.
The gnoll misses you.
Firing (i - inventory):
f - 16 arrows (quivered)
Press: ? - help, Shift-Dir - straight line, f/p - gnoll
Aim: a gnoll (almost dead)
You shoot an arrow. The arrow barely misses the gnoll.
The gnoll barely misses you.
Firing (i - inventory):
f - 15 arrows (quivered)
Press: ? - help, Shift-Dir - straight line, f/p - gnoll
Aim: a gnoll (almost dead)
You shoot an arrow. The arrow hits the gnoll.
You kill the gnoll!
A gnoll comes into view. It is wielding a halberd.
Firing (i - inventory):
f - 14 arrows (quivered)
Press: ? - help, Shift-Dir - straight line, f - goblin
Aim: a goblin, wielding a club You shoot an arrow.
The gnoll shouts!
The arrow hits the goblin.
The goblin is severely wounded.
The goblin hits you but does no damage. The gnoll misses you.
Firing (i - inventory):
f - 13 arrows (quivered)
Press: ? - help, Shift-Dir - straight line, f/p - goblin
Aim: a goblin, wielding a club (severely wounded)
You shoot an arrow. The arrow barely misses the goblin.
The goblin closely misses you. The gnoll closely misses you.
Firing (i - inventory):
f - 12 arrows (quivered)
Press: ? - help, Shift-Dir - straight line, f/p - goblin
Aim: a goblin, wielding a club (severely wounded)
You shoot an arrow. The arrow closely misses the goblin.
The goblin hits you with a club.
The gnoll hits you from afar with a vampiric halberd.
* * * LOW HITPOINT WARNING * * *
The goblin hits you but does no damage.
You take 5 damage, and have 19/41 hp.
Firing (i - inventory):
f - 11 arrows (quivered)
Press: ? - help, Shift-Dir - straight line, f/p - goblin
Aim: a goblin, wielding a club (severely wounded)
You shoot an arrow. The arrow completely misses the goblin.
The gnoll hits you from afar with a vampiric halberd!
* * * LOW HITPOINT WARNING * * *
The goblin hits you but does no damage.
You take 13 damage, and have 6/41 hp.
MASSIVE DAMAGE!!
Firing (i - inventory):
f - 10 arrows (quivered)
Press: ? - help, Shift-Dir - straight line, f/p - goblin
Aim: a goblin, wielding a club (severely wounded)
You shoot an arrow. The arrow closely misses the goblin.
The gnoll barely misses you. The goblin misses you.
Firing (i - inventory):
f - 9 arrows (quivered)
Press: ? - help, Shift-Dir - straight line, f/p - goblin
Aim: a goblin, wielding a club (severely wounded)
You shoot an arrow. The arrow closely misses the goblin.
The arrow closely misses the gnoll.
The goblin closely misses you.
The gnoll hits you from afar with a vampiric halberd.
* * * LOW HITPOINT WARNING * * *
You take 3 damage, and have 4/41 hp.
You are now empty-handed.
Okay, then.
Wield which item (- for none, * to show all)? (? for menu, Esc to quit)
d - a +0 hand crossbow (weapon)
The goblin barely misses you. The gnoll barely misses you.
Firing (i - inventory):
e - 30 bolts (quivered)
Press: ? - help, Shift-Dir - straight line, f/p - goblin
Aim: a goblin, wielding a club (severely wounded)
You shoot a bolt. The bolt hits the goblin.
The goblin is almost dead.
The goblin hits you but does no damage. The gnoll closely misses you.
Firing (i - inventory):
e - 29 bolts (quivered)
Press: ? - help, Shift-Dir - straight line, f/p - goblin
Aim: a goblin, wielding a club (almost dead)
You shoot a bolt. The bolt hits the goblin.
You kill the goblin!
The gnoll hits you from afar with a vampiric halberd.
* * * LOW HITPOINT WARNING * * *
You take 3 damage, and have 1/41 hp.
Firing (i - inventory):
e - 28 bolts (quivered)
Press: ? - help, Shift-Dir - straight line, f - gnoll
Aim: a gnoll, wielding a vampiric halberd You shoot a bolt.
The bolt closely misses the gnoll.
The bolt hits the gnoll!
The gnoll is almost dead.
The gnoll hits you from afar with a vampiric halberd!
You die...

#
###.###.......
.>.
####.###.##.#..
#.
#......#.##.#..
#.##.#.#.....
.# #.##.#.##.
.. ## #.#..#.#
.. #.#.##.# ..
#......#
###@#### #)#
#g# #g()g((.#
#######..


You could see 2 gnolls.

Vanquished Creatures
  A hound (D:2)
  2 gnolls (D:2)
  4 adders (D:2)
  An ooze (D:1)
  A leopard gecko (D:1)
  A giant cockroach (D:1)
  3 goblins (D:2)
  3 hobgoblins
  A quokka (D:2)
  4 bats
  2 frilled lizards (D:1)
  2 kobolds
  6 rats
31 creatures vanquished.

Notes
Turn   | Place    | Note
-------+----------+-------------------------------------------
     0 | D:1      | Monsterracer the Draconian Wanderer began the quest for the Orb.
     0 | D:1      | Monsterracer set off with: a wand of flame (15), a +0 shortbow, a ration, a +0 hand crossbow, 30 bolts, 26 arrows
     0 | D:1      | Reached XP level 1. HP: 22/22 MP: 1/1
   120 | D:1      | Reached skill level 1 in Unarmed Combat
   155 | D:1      | Reached XP level 2. HP: 28/28 MP: 2/2
   901 | D:2      | Reached XP level 3. HP: 32/34 MP: 3/3
  1049 | D:2      | Found a glowing silver altar of Zin.
  1177 | D:2      | Reached XP level 4. HP: 41/41 MP: 4/4
  1326 | D:2      | HP: 19/41 [gnoll/vampiric halberd (4)]
  1327 | D:2      | HP: 6/41 [gnoll/vampiric halberd (13)]
  1335 | D:2      | HP: 1/41 [gnoll/vampiric halberd (3)]
  1336 | D:2      | Mangled by a gnoll

Skill      XL: |  1  2  3  4 |
---------------+-------------+-----
Unarmed Combat | 1 2 3 4 |  4.4
Fighting       | |  4.3
Crossbows      | |  3.6
Shields        | |  1.0
Evocations     | |  1.0

Action                   |  1- 3 |  4- 6 || total
-------------------------+-------+-------++-------
 Fire: Shortbow          |   102 |    35 ||   137
       Hand crossbow     |       |     3 ||     3
  Eat: Chunk             |     1 |       ||     1
Armor: Skin              |    32 |    11 ||    43
Dodge: Dodged            |    36 |    28 ||    64

Vault maps used:
D:1:      dpeg_arrival_line_fractal, minmay_tetromino_s2
D:2:      zin_academy
